 Dungeon Crawl Stone Soup version 0.32-a0-411-g744942f433 (webtiles) character file.

Game seed: 1438882005667635400

63 shadowstone the Shooter (level 4, -1/51 HPs)
             Began as a Coglin Hunter on Feb 20, 2024.
             Slain by a ribbon worm (3 damage)
             ... on level 3 of the Dungeon.
             The game lasted 00:03:51 (851 turns).

shadowstone the Shooter (Coglin Hunter)              Turns: 851, Time: 00:03:52

Health: -1/51      AC:  6    Str: 11    XL:     4   Next: 9%
Magic:  4/4        EV:  9    Int:  8    God:
Gold:   55         SH:  0    Dex: 20    Spells: 3/3 levels left

rFire   . . .        a - +0 shortbow {Kasem}
rCold   . . .        (shield currently unavailable)
rNeg    . . .        i - +0 scale mail
rPois   .            (no helmet)
rElec   .            (no cloak)
rCorr   .            (no gloves)
SInv    .            (no boots)
Will    .....        (no amulet) Stlth
                     (no ring)
HPRegen 0.28/turn    (no ring)
MPRegen 0.09/turn

%: no passive effects
@: confused, berserking, immotile, revved, very quick
A: off-hand wielding, slow wielding, warmup strikes, legs shutdown
a: no special abilities


You were on level 3 of the Dungeon.
You visited 1 branch of the dungeon, and saw 3 of its levels.

You collected 55 gold pieces.

Inventory:

Hand Weapons
 a - a +0 shortbow (weapon) {Kasem}
Armour
 c - a +0 leather armour
 i - a +0 scale mail (worn)
Scrolls
 b - a scroll of butterflies
 e - a scroll of brand weapon {unknown}
 g - a scroll of fog {unknown}
 h - a scroll of enchant armour {unknown}
Potions
 d - a potion of haste {unknown}


   Skills:
 + Level 2.3 Fighting
 + Level 4.6 Ranged Weapons
 + Level 0.4 Armour
 + Level 2.1 Dodging
 + Level 0.7 Stealth


You had 3 spell levels left.
You didn't know any spells.
Your spell library was empty.

Dungeon Overview and Level Annotations

Branches:
Dungeon (3/15)

Altars:
Sif Muna


Innate Abilities, Weirdness & Mutations

You can wield a second weapon in your off-hand.
It takes a long time for you to wield or remove held weapons.
Your first few attacks do less damage.
Attacking and casting redirects power from your legs.


Message History

Something hits you but does no damage. The adder bites you but does no damage.
You cannot move. (Use ctrl+direction or * direction to attack while stationary and confused.) Unknown command.
You cannot move. (Use ctrl+direction or * direction to attack while stationary and confused.)
You cannot move. (Use ctrl+direction or * direction to attack while stationary and confused.)
You cannot move. (Use ctrl+direction or * direction to attack while stationary and confused.)
You cannot move. (Use ctrl+direction or * direction to attack while stationary and confused.)
You cannot move. (Use ctrl+direction or * direction to attack while stationary and confused.)
You cannot move. (Use ctrl+direction or * direction to attack while stationary and confused.)
You cannot move. (Use ctrl+direction or * direction to attack while stationary and confused.)
You cannot move. (Use ctrl+direction or * direction to attack while stationary and confused.)
You cannot move. (Use ctrl+direction or * direction to attack while stationary and confused.)
You cannot move. (Use ctrl+direction or * direction to attack while stationary and confused.)
You cannot move. (Use ctrl+direction or * direction to attack while stationary and confused.)
You cannot move. (Use ctrl+direction or * direction to attack while stationary and confused.)
You cannot move. (Use ctrl+direction or * direction to attack while stationary and confused.)
You cannot move. (Use ctrl+direction or * direction to attack while stationary and confused.)
You cannot move. (Use ctrl+direction or * direction to attack while stationary and confused.)
You cannot move. (Use ctrl+direction or * direction to attack while stationary and confused.)
You cannot move. (Use ctrl+direction or * direction to attack while stationary and confused.)
You cannot move. (Use ctrl+direction or * direction to attack while stationary and confused.)
You shoot an arrow.
You are no longer unable to travel.
The adder barely misses you. The ribbon worm bites you.
* * * LOW HITPOINT WARNING * * *
The orc hits you but does no damage. Something hits you.
* * * LOW HITPOINT WARNING * * *
The adder bites you but does no damage.
It was a potion of berserk rage.
A red film seems to cover your vision as you go berserk!
You feel yourself moving faster!
You feel mighty! The ribbon worm barely misses you.
Something hits you but does no damage. The orc hits you with a +0 short sword.
* * * LOW HITPOINT WARNING * * *
The adder bites you but does no damage.
You miss the orc. The adder bites you.
* * * LOW HITPOINT WARNING * * *
The orc barely misses you. Something hits you but does no damage.
The ribbon worm bites you.
You die...

#..........#..#........
#....^..#####.....#####
##........# #.......
#.>....#.# #...#.###
####.....#.# ..###.#
#..#.....# . .## .#
#........# .#.
#._....w.# # #......)@#
#..####So# ### #So#
#.=# #..# .... ....
....##


You could see a ribbon worm, 2 adders and 2 orcs.

Vanquished Creatures
  3 adders (D:2)
  A ribbon worm (D:2)
  A dart slug (D:2)
  2 orcs (D:3)
  2 ball pythons (D:3)
  3 bats (D:2)
  A goblin (D:2)
  A hobgoblin (D:2)
  A kobold (D:3)
  A frilled lizard (D:2)
  2 rats
18 creatures vanquished.

Notes
Turn   | Place    | Note
-------+----------+-------------------------------------------
     0 | D:1      | shadowstone the Coglin Hunter began the quest for the Orb.
     0 | D:1      | Reached XP level 1. HP: 16/16 MP: 1/1
    72 | D:1      | You fall into a shaft and drop 1 floor!
   145 | D:2      | Reached skill level 4 in Ranged Weapons
   145 | D:2      | Reached XP level 2. HP: 19/22 MP: 2/2
   232 | D:2      | Reached XP level 3. HP: 17/27 MP: 3/3
   828 | D:3      | Found a shimmering blue altar of Sif Muna.
   841 | D:3      | Reached XP level 4. HP: 34/34 MP: 4/4
   850 | D:3      | HP: 2/51 [orc/+0 short sword (1)]
   851 | D:3      | Slain by a ribbon worm

Illustrated notes

Levels and vault maps discovered:
D:1:      nagdon_arrival_double_spiral, layout_basic, serial_shops,
          nicolae_shop_tiny_glass, shop, shop, nicolae_shop_stone,
          nicolae_shop_statue_plus, corexii_item_surrounded_by_moat
D:2:      layout_rooms
D:3:      layout_rooms, mainiacjoe_overflow_alcove_1,
          mainiacjoe_overflow_six_doors_small, uniq_natasha, uniq_robin

Skill      XL: |  1  2  3 |
---------------+----------+-----
Ranged Weapons | 4 |  4.6
Dodging        | 2 |  2.1
Fighting       | |  2.3
Armour         | |  0.4
Stealth        | |  0.7

Action                     |  1- 3 |  4- 6 || total
---------------------------+-------+-------++-------
  Melee: Shortbow          |       |     2 ||     2
   Fire: Shortbow          |    56 |     7 ||    63
    Use: Potion            |       |     1 ||     1
 Armour: Leather armour    |    37 |       ||    37
         Scale mail        |     1 |    32 ||    33
  Dodge: Dodged            |    43 |    12 ||    55

Table legend: (Time is in decaauts)
 A = Elapsed time spent in this place.
 B = Non-inter-level travel time spent in this place.
 C = Inter-level travel time spent in this place.
 D = Time resting spent in this place.
 E = Time spent auto-exploring this place.
 F = Levels seen in this place.
 G = Mean time per level.
                   A        B        C        D        E       F      G
               +--------+--------+--------+--------+--------+-----+--------+
         Total |    868 |    847 |     21 |    145 |    288 |   3 |  289.3 |
       Dungeon |    868 |    847 |     21 |    145 |    288 |   3 |  289.3 |
               +--------+--------+--------+--------+--------+-----+--------+

Top non-repeatable levels by time:
     D:2: 736 daAuts
     D:1: 72 daAuts
     D:3: 60 daAuts
